 Dungeon Crawl Stone Soup version 0.18-a0-1713-g50a528e (webtiles) character file.

96429 MrRokkomies the Bewitcher (level 15, -3/73 HPs)
             Began as a Felid Enchanter on Apr 3, 2016.
             Was the Champion of Yredelemnul.
             Slain by an alligator (11 damage)
             ... on level 4 of the Swamp on Apr 7, 2016.
             The game lasted 03:45:34 (39813 turns).

MrRokkomies the Bewitcher (Felid Enchanter)        Turns: 39813, Time: 03:45:34

Health: -3/73      AC:  3    Str:  6    XL:     15   Next: 32%
Magic:  9/28       EV: 31    Int: 24    God:    Yredelemnul [******]
Gold:   1381       SH:  6    Dex: 18    Spells: 8 memorised, 3 levels left
                                        Lives:  0   Deaths: 4

rFire  . . .     SeeInvis +       - Unarmed
rCold  + . .     Gourm    .     (armour unavailable)
rNeg   . . .     Faith    .     (shield unavailable)
rPois  +         Spirit   .     (helmet unavailable)
rElec  .         Dismiss  .     (cloak unavailable)
rCorr  .         Reflect  +     (gloves unavailable)
SustAt .         Harm     .     (boots unavailable)
MR     ++...                    Z - amulet "Humyo" {Reflect SH+6 Stlth+}
Stlth  +++++++++.               w - ring of poison resistance
                                j - ring of wizardry

@: wreathed by umbra, quick, very resistant to hostile enchantments, incredibly
stealthy
A: no armour, no weapons or thrown items, claws 1, fangs 3, horns 1, see
invisible, carnivore 3, clever 1, speed 1, shaggy fur 3, slow metabolism 1,
strong 1, sharp paws
a: Recall Undead Slaves, Injury Mirror, Animate Dead, Drain Life, Enslave Soul,
Renounce Religion
}: 1/15 runes: gossamer


You were on level 4 of the Swamp.
You worshipped Yredelemnul.
Yredelemnul was exalted by your worship.
You were full.

You visited 5 branches of the dungeon, and saw 32 of its levels.
You also visited: Ice Cave and Volcano.

You collected 2810 gold pieces.
You spent 1429 gold pieces at shops.

Inventory:

Jewellery
 j - a ring of wizardry (left paw)
 w - a ring of poison resistance (right paw)
 J - an uncursed ring of protection from cold
 M - an uncursed ring of magical power
 N - an uncursed ring of flight
 Z - the amulet "Humyo" (around neck) {Reflect SH+6 Stlth+}
   (You found it on level 6 of the Lair of Beasts)

   [amulet of reflection]

   It shields you and reflects attacks.
   It affects your SH (+6).
   It makes you more stealthy.
Wands
 k - a wand of iceblast (3/15)
 m - a wand of flame (31/48)
 n - a wand of polymorph (16/24)
 r - a wand of paralysis (6/24)
 v - a wand of teleportation (4/9)
 x - a wand of confusion (18/48)
 y - a wand of disintegration (15/24)
 D - a wand of iceblast (9/15)
 F - a wand of digging (9/24)
 G - a wand of disintegration (7/24)
 I - a wand of acid (7/15)
 O - a wand of digging (15/24)
 P - a wand of disintegration (10/24)
Scrolls
 a - 2 scrolls of amnesia
 d - 15 scrolls of remove curse
 p - 7 scrolls of fog
 q - 2 scrolls of blinking
 s - 6 scrolls of identify
 C - a scroll of fear
 H - 3 scrolls of teleportation
 K - 3 scrolls of magic mapping
 U - a scroll of recharging
Potions
 c - 5 potions of magic
 e - 2 potions of agility
 g - 10 potions of curing
 h - 3 potions of resistance
 l - 5 potions of lignification
 o - 4 potions of flight
 t - 6 potions of ambrosia
 u - 6 potions of heal wounds
 z - 3 potions of cancellation
 B - 5 potions of might
 L - 2 potions of berserk rage
 V - 5 potions of invisibility
 W - a potion of brilliance
 Y - 2 potions of haste
Books
 Q - the Reference Book on Malediction
   (You found it on level 2 of the Spider Nest)

   Spells                             Type                      Level
   a - Corona                         Hexes                        1
   b - Inner Flame                    Hexes/Fire                   3
   c - Metabolic Englaciation         Hexes/Ice                    5
   d - Silence                        Hexes/Air                    5
   e - Invisibility                   Hexes                        6
Miscellaneous
 A - a fan of gales
 S - a phantom mirror
 X - a sack of spiders
Comestibles
 b - 11 meat rations
 f - 15 slices of pizza
 i - 9 beef jerkies
 E - 3 royal jellies


   Skills:
 - Level 12.3 Fighting
 - Level 15.0 Dodging
 - Level 6.1 Stealth
 - Level 14.0 Unarmed Combat
 * Level 8.9 Spellcasting
 - Level 15.0 Hexes
 - Level 11.0 Summonings
 - Level 6.0 Ice Magic
 * Level 9.7 Invocations


You had 3 spell levels left.
You knew the following spells:

 Your Spells              Type           Power        Failure   Level  Hunger
a - Confusing Touch       Hex            ######       1%          2    None
b - Ensorcelled Hibernat  Hex/Ice        ######       1%          2    None
c - Confuse               Hex            ######..     1%          3    None
d - Tukima's Dance        Hex            ######..     1%          3    None
e - Recall                Summ/Tloc      N/A          1%          3    None
f - Summon Mana Viper     Hex/Summ       ######..     1%          5    ####...
g - Summon Ice Beast      Ice/Summ       ######..     1%          4    ##.....
h - Shadow Creatures      Summ           N/A          4%          6    ######.


Dungeon Overview and Level Annotations

Branches:
Dungeon (14/15)            Temple (0/1) D:7            Lair (8/8) D:9
  Swamp (4/4) Lair:3       Spider (4/4) Lair:6        Slime (0/6) Lair:8
    Orc (2/2) D:9             Elf (0/3) Orc:2        Vaults (0/5) D:13

Altars:
Gozag
Kikubaaqudgha
Makhleb
Okawaru
Pakellas
Ru
Sif Muna
Vehumet
Xom
Yredelemnul
The Shining One

Shops:
D:4 (   D:7 !   Orc:2 !}!!!(

Annotations:
D:7 Joseph
D:14 Azrael
Orc:2 Josephine


Innate Abilities, Weirdness & Mutations

You cannot wear armour.
You are incapable of wielding weapons or throwing items.
You have sharp claws.
You have razor-sharp teeth.
You have supernaturally acute eyesight.
You are carnivorous and can eat meat at any time.
You cover ground quickly.
Your thick and shaggy fur keeps you warm (AC +3, rC+).
You have a slow metabolism.
Your sharp claws are effective at attacking unaware monsters.
You have a pair of small horns on your head.
Your mind is acute. (Int +2)
Your muscles are strong. (Str +2)


Message History

The alligator tail-slaps your six-headed hydra zombie.
Your six-headed hydra zombie bites the alligator but does no damage.
Your six-headed hydra zombie bites the alligator.
Your six-headed hydra zombie bites the alligator! x4
The seven-headed hydra misses you.
The seven-headed hydra completely misses you.
The seven-headed hydra bites you! The seven-headed hydra bites you.
The seven-headed hydra closely misses you.
The seven-headed hydra bites you! The seven-headed hydra misses you.
You swap places.
Your profane servitor hits the alligator with an enchanted whip!
Your profane servitor draws strength from the alligator's injuries!
Your profane servitor hits the alligator with an enchanted whip.
The alligator completely misses your profane servitor.
The alligator tail-slaps your profane servitor but does no damage.
The alligator bites you!!
* * * LOW HITPOINT WARNING * * *
The alligator tail-slaps you!
You die...
Your body rises from the dead as a mindless zombie.

##### 7
77ZZD## .7
7A@ZZ≈#####
.7777
#≈tt##ZV≈.≈.#
....≈
#.≈n##ZD§#..≈#
77≈≈.7
#≈≈..≈##ZZ#
.≈# 7§≈≈≈7
≈≈#.≈≈.≈≈ #ZZ#
. 77§≈≈7
≈.##§.≈≈≈##Z.#
7..777
#≈≈##$[.##≈.##
77..D.
#≈≈#####≈.##
7..7D
#.≈77.V≈##
7..7.


You could see 2 alligators, a seven-headed hydra, a bog body, a friendly bone
dragon, a friendly profane servitor, the friendly Aizul the spectral guardian
serpent, a friendly vampire (invisible), a friendly eight-headed hydra zombie, 2
friendly six-headed hydra zombies, a friendly swamp dragon zombie and a friendly
bog body skeleton.

Vanquished Creatures
  Rupert (Lair:4)
  Maud (Lair:4)
  A ghost moth (Spider:4)
  Nessos (Lair:5)
  4 vault guards (D:13)
  11 hydras
  Harold (Lair:4)
  Erolcha (D:13)
  A centaur warrior (D:13)
  3 alligators (Swamp:1)
  A death knight (D:12)
  11 death yaks
  An unseen horror (D:11)
  A swamp dragon (Swamp:1)
  A hill giant (D:11)
  2 orc knights (Orc:2)
  A phantasmal warrior (D:12)
  2 orc sorcerers
  A deep elf mage (D:13)
  3 ugly things
  5 hornets
  3 orb spiders
  A griffon (Lair:7)
  4 cyclopes
  9 wolf spiders
  Maurice (Orc:2)
  4 black mambas
  3 elephants
  Psyche (D:11)
  A gargoyle (D:12)
  3 torpor snails
  18 spiny frogs
  4 komodo dragons
  2 centaur skeletons
  A rime drake (Lair:6)
  A kobold demonologist (D:13)
  A freezing wraith (D:12)
  5 demonic crawlers
  A polar bear (Lair:8)
  6 jumping spiders
  4 trolls
  A two-headed ogre (D:12)
  9 slime creatures
  2 giant leeches
  4 blink frogs
  2 bog bodies
  5 tarantellas
  10 redbacks
  4 shadows
  30 yaks
  4 wraiths
  2 humans (Volcano)
  2 basilisks
  4 hippogriffs
  2 hungry ghosts
  2 vampire mosquitoes
  Menkaure (D:7)
  3 wargs (Orc:2)
  7 swamp worms
  An insubstantial wisp (Swamp:1)
  8 soldier ants (Lair:6)
  9 porcupines
  12 water moccasins
  3 sky beasts
  2 swamp drakes
  A black bear (D:6)
  20 orc warriors
  An ice beast (D:7)
  A necrophage (D:9)
  2 wasps
  16 centaurs
  2 eyes of draining
  8 wolves
  15 crocodiles
  6 ogres
  3 big kobolds (D:8)
  Blork the orc (D:6)
  18 giant frogs
  5 scorpions
  6 killer bees
  3 wights
  4 howler monkeys
  3 giant frog zombies
  3 crimson imps
  2 centaur zombies
  4 hounds
  9 orc priests
  10 jellies
  Crazy Yiuf (D:6)
  12 orc wizards
  2 giant frog skeletons
  Jessica (D:3)
  18 worker ants
  5 iguanas
  A killer bee zombie (D:11)
  18 sheep
  Robin (D:4)
  8 gnolls
  A howler monkey skeleton (D:10)
  14 adders
  27 river rats
  A shadow imp (D:5)
  2 oozes (Lair:8)
  2 worms
  3 dart slugs
  8 giant geckos
  57 orcs
  10 bats
  6 giant cockroaches
  16 goblins
  13 hobgoblins
  6 jackals
  4 quokkas
  A river rat zombie (Lair:8)
  2 ball pythons
  7 giant newts
  A jackal skeleton (D:6)
  19 kobolds
  A quokka skeleton (D:6)
  A quokka zombie (D:8)
  13 rats
  A fungus (Lair:8)
  A plant (Lair:8)
683 creatures vanquished.

Vanquished Creatures (collateral kills)
  2 thorn hunters (Swamp:4)
  4 ghost moths
  6 emperor scorpions
  A very ugly thing (Swamp:1)
  3 entropy weavers
  2 catoblepae
  11 hydras
  4 alligators
  A deep troll shaman (Lair:8)
  A queen ant (Lair:6)
  10 death yaks
  7 swamp dragons
  2 shambling mangroves
  A wolf spider zombie (Spider:4)
  2 orc knights
  16 orb spiders
  24 wolf spiders
  3 hornets
  4 elephants
  2 moths of wrath
  5 spiny frogs
  2 komodo dragons (Lair:8)
  2 rime drakes (Lair:8)
  14 demonic crawlers
  A troll (Orc:1)
  2 demonic crawler zombies (Spider:4)
  22 jumping spiders
  A two-headed ogre (D:12)
  A giant leech (Swamp:4)
  6 bog bodies
  16 slime creatures
  A boulder beetle (Spider:3)
  15 blink frogs
  62 redbacks
  A shadow (Swamp:1)
  3 spriggans (Swamp:2)
  19 tarantellas
  2 wraiths
  Grum (D:9)
  A basilisk (Lair:7)
  5 yaks (Lair:8)
  A steam dragon (Lair:8)
  A hippogriff (Lair:8)
  A warg (Orc:1)
  5 insubstantial wisps (Swamp:1)
  5 vampire mosquitoes
  3 soldier ants (Lair:6)
  14 swamp worms
  3 porcupines
  3 water moccasins
  8 swamp drakes
  14 orc warriors
  9 wasps
  4 centaurs
  4 ogres
  6 crocodiles
  11 wolves
  2 big kobolds
  A giant frog (D:9)
  A water moccasin zombie (D:9)
  4 wights
  2 electric eels
  A quasit (D:9)
  2 hounds
  5 jellies
  2 orc priests
  6 orc wizards
  24 worker ants
  10 sheep
  2 gnolls
  11 river rats
  26 orcs
  3 kobolds (D:8)
  A bush (Lair:8)
  11 fungi
  4 plants
498 creatures vanquished.

Vanquished Creatures (others)
  A profane servitor (Spider:4)
  2 ghouls (Spider:4)
  A death yak (Lair:8)
  2 skeletal warriors
  2 flayed ghosts
  8 phantasmal warriors
  3 wolf spider zombies (Spider:4)
  3 death yak zombies
  8 redback zombies
  3 death yak skeletons (Lair:8)
  A catoblepas skeleton (Lair:8)
  A hydra zombie (Swamp:1)
  4 tarantella zombies (Spider:4)
  3 jumping spider zombies
  5 flying skulls
  5 vampires
  A wraith (Orc:2)
  15 dancing weapons
  4 orb spider zombies
  A soldier ant (Lair:6)
  3 spiny frog zombies
  A swamp dragon zombie (Swamp:1)
  A komodo dragon zombie (Lair:1)
  A cyclops zombie (Orc:2)
  2 water moccasin zombies (Lair:8)
  4 elf skeletons (Lair:8)
  A troll zombie (Orc:2)
  A polar bear zombie (Lair:8)
  A killer bee zombie (D:11)
  12 yak zombies
  A wight (Lair:5)
  5 wolf zombies
  2 centaur zombies
  A giant frog zombie (Lair:7)
  A two-headed ogre zombie (D:12)
  3 soldier ant zombies (Lair:6)
  A centaur skeleton (Orc:2)
  A human skeleton (Lair:8)
  2 porcupine zombies (Lair:1)
  A worker ant (Lair:6)
  4 crocodile zombies
  2 ogre zombies
  A dwarf skeleton (Lair:8)
  2 mummies
  15 worker ant zombies (Lair:6)
  A white imp (IceCv)
  An ufetubus (IceCv)
  6 orc zombies
  4 sheep zombies (Lair:8)
  An orc (D:8)
  3 river rat zombies (Lair:8)
  2 briar patches (Swamp:4)
  4 fungi
  5 plants
169 creatures vanquished.

Grand Total: 1350 creatures vanquished

Notes
Turn   | Place    | Note
--------------------------------------------------------------
     0 | D:1      | MrRokkomies the Felid Enchanter began the quest for the Orb.
     0 | D:1      | Reached XP level 1. HP: 7/7 MP: 4/4
     0 | D:1      | Upgraded the game from 0.18-a0-1682-g23343eb to 0.18-a0-1685-g4482fe3
     6 | D:1      | Noticed a polar bear
     6 | D:1      | Noticed an anaconda
     6 | D:1      | Noticed a worker ant
     6 | D:1      | Noticed a hound
   288 | D:1      | Reached XP level 2. HP: 11/11 MP: 6/6
   292 | D:1      | Learned a level 2 spell: Ensorcelled Hibernation
   541 | D:1      | Reached skill level 5 in Hexes
  1090 | D:2      | Reached XP level 3. HP: 14/14 MP: 4/7
  1439 | D:2      | Learned a level 3 spell: Confuse
  1512 | D:2      | Gained mutation: Your muscles are strong. (Str +2) [potion of beneficial mutation]
  1563 | D:2      | Reached XP level 4. HP: 18/18 MP: 3/8
  2496 | D:3      | Upgraded the game from 0.18-a0-1685-g4482fe3 to 0.18-a0-1689-g473dde0
  2699 | D:3      | Found a faded altar to an unknown god.
  2702 | D:3      | Became a worshipper of Yredelemnul the Dark
  2702 | D:3      | Reached * piety under Yredelemnul
  2889 | D:3      | Noticed Jessica
  2893 | D:3      | Killed Jessica
  2893 | D:3      | Reached XP level 5. HP: 21/21 MP: 5/9
  2900 | D:3      | Found a deep blue altar of Sif Muna.
  3141 | D:4      | Gained mutation: You are covered in thick fur (AC +2). [Felid growth]
  3141 | D:4      | Reached XP level 6. HP: 24/24 MP: 10/10
  3583 | D:4      | Found Vumnifuo's Weapon Boutique.
  3608 | D:4      | Learned a level 3 spell: Tukima's Dance
  3649 | D:4      | Reached skill level 1 in Fighting
  3781 | D:4      | Noticed Robin
  3809 | D:4      | Killed Robin
  3902 | D:4      | Reached ** piety under Yredelemnul
  3956 | D:5      | Entered Level 5 of the Dungeon
  4097 | D:5      | Noticed an orc warrior
  4121 | D:5      | Killed an orc warrior
  4121 | D:5      | Reached XP level 7. HP: 15/28 MP: 0/11
  4304 | D:5      | Reached skill level 5 in Stealth
  4743 | D:6      | Noticed Blork the orc
  4751 | D:6      | Killed Blork the orc
  4875 | D:6      | Reached XP level 8. HP: 34/34 MP: 10/12
  4916 | D:6      | Found an oddly glowing altar of Pakellas.
  5138 | D:6      | Noticed Crazy Yiuf
  5144 | D:6      | Killed Crazy Yiuf
  5242 | D:6      | Found a sacrificial altar of Ru.
  5257 | D:6      | Reached *** piety under Yredelemnul
  5408 | D:6      | Found a burning altar of Makhleb.
  5490 | D:6      | Found a glowing golden altar of the Shining One.
  5641 | D:7      | Received a gift from Yredelemnul
  5665 | D:7      | Reached skill level 5 in Dodging
  6010 | D:7      | Reached XP level 9. HP: 40/40 MP: 5/13
  6015 | D:7      | Found a staircase to the Ecumenical Temple.
  6023 | D:7      | Noticed Menkaure
  6031 | D:7      | Killed Menkaure
  6139 | D:7      | Reached skill level 5 in Fighting
  6653 | D:7      | Found Gymenout's Distillery.
  6655 | D:7      | Noticed Joseph
  6700 | D:7      | Shot with a sling bullet by Joseph
  6701 | D:7      | Reached XP level 8. HP: -1/37 MP: 12/12
  6965 | D:8      | Found an opulent altar of Gozag.
  7212 | D:8      | Reached XP level 9. HP: 41/41 MP: 9/13
  7280 | D:8      | Received a gift from Yredelemnul
  7458 | D:8      | Found an iron altar of Okawaru.
  7546 | D:8      | Upgraded the game from 0.18-a0-1689-g473dde0 to 0.18-a0-1702-gd20c6a5
  7596 | D:8      | Found an ancient bone altar of Kikubaaqudgha.
  7813 | D:8      | Found a shimmering altar of Xom.
  8136 | D:8      | Noticed a three-headed hydra
  8148 | D:8      | Killed a three-headed hydra
  8361 | D:9      | Found a staircase to the Lair.
  8445 | D:9      | Received a gift from Yredelemnul
  8559 | D:9      | Noticed Grum
  8574 | D:9      | Killed Grum
  9077 | D:9      | Reached **** piety under Yredelemnul
  9084 | D:9      | Received a gift from Yredelemnul
  9182 | D:9      | Found a staircase to the Orcish Mines.
  9430 | D:9      | Identified a scroll of acquirement
  9517 | D:10     | Entered Level 10 of the Dungeon
  9606 | Lair:1   | Entered Level 1 of the Lair of Beasts
  9611 | Lair:1   | Learned a level 3 spell: Recall
  9625 | Lair:1   | Identified the Catalogue of Arcane Weapons and Beguiling (You acquired it on level 1 of the Lair of Beasts)
  9665 | Lair:1   | Noticed a komodo dragon
  9682 | Lair:1   | Reached XP level 10. HP: 44/47 MP: 14/14
  9767 | Lair:1   | Found a dark tunnel.
  9771 | Lair:1   | Upgraded the game from 0.18-a0-1702-gd20c6a5 to 0.18-a0-1713-g50a528e
  9787 | Volcano  | Entered a volcano
  9797 | Volcano  | Reached skill level 10 in Dodging
  9798 | Volcano  | Noticed a toenail golem
 10008 | Lair:1   | Noticed a six-headed hydra
 10287 | Lair:1   | Killed a six-headed hydra
 10288 | Lair:1   | Received a gift from Yredelemnul
 10376 | Lair:1   | Noticed a spiny frog
 10389 | Lair:1   | Killed a spiny frog
 10827 | Lair:1   | Noticed a spiny frog
 10833 | Lair:1   | Killed a spiny frog
 10839 | Lair:1   | Noticed a spiny frog
 10845 | Lair:1   | Killed a spiny frog
 10845 | Lair:1   | Reached XP level 11. HP: 53/53 MP: 15/15
 10845 | Lair:1   | Received a gift from Yredelemnul
 11751 | Lair:2   | Received a gift from Yredelemnul
 12132 | Lair:2   | Reached skill level 10 in Fighting
 12307 | Lair:3   | Learned a level 2 spell: Confusing Touch
 12377 | Lair:3   | Noticed a seven-headed hydra
 12395 | Lair:3   | Killed a seven-headed hydra
 12553 | Lair:3   | Found an oddly glowing altar of Pakellas.
 12869 | Lair:3   | Received a gift from Yredelemnul
 12886 | Lair:3   | Found a staircase to the Swamp.
 12923 | Lair:3   | Slain by a swamp worm
 12924 | Lair:3   | Reached XP level 10. HP: -2/51 MP: 21/23
 13171 | Lair:4   | Noticed a spiny frog
 13180 | Lair:4   | Killed a spiny frog
 13214 | Lair:4   | Noticed Maud
 13238 | Lair:4   | Killed Maud
 13290 | Lair:4   | Noticed Harold
 13300 | Lair:4   | Killed Harold
 13300 | Lair:4   | Reached XP level 11. HP: 54/54 MP: 15/15
 13396 | Lair:4   | Noticed Rupert
 13424 | Lair:4   | Killed Rupert
 13424 | Lair:4   | Reached skill level 10 in Hexes
 13776 | Lair:4   | Noticed a four-headed hydra
 13795 | Lair:4   | Killed a four-headed hydra
 14151 | Lair:5   | Noticed Nessos
 14453 | Lair:5   | Killed Nessos
 14604 | Lair:5   | Noticed a catoblepas
 15039 | Lair:5   | Noticed a death yak
 15040 | Lair:5   | Noticed a death yak
 15042 | Lair:5   | Noticed a death yak
 15129 | Lair:5   | Noticed a death yak
 15147 | Lair:5   | Noticed a death yak
 15149 | Lair:5   | Noticed a death yak
 15469 | Orc:1    | Entered Level 1 of the Orcish Mines
 15686 | Orc:1    | Noticed an orc knight
 15877 | D:9      | Killed an orc knight
 15877 | D:9      | Reached ***** piety under Yredelemnul
 16046 | Orc:1    | Noticed an orc sorcerer
 16050 | Orc:1    | Killed an orc sorcerer
 16253 | Orc:1    | Found a frozen archway.
 16262 | IceCv    | Entered an ice cave
 16313 | Orc:1    | Received a gift from Yredelemnul
 16498 | Orc:2    | Entered Level 2 of the Orcish Mines
 16498 | Orc:2    | Found a radiant altar of Vehumet.
 16524 | Orc:1    | Gained mutation: Your thick and shaggy fur keeps you warm (AC +3, rC+). [Felid growth]
 16524 | Orc:1    | Reached XP level 12. HP: 57/57 MP: 18/18
 16574 | Orc:2    | Found Pocil's Distillery.
 16579 | Orc:2    | Found a staircase to the Elven Halls.
 17409 | Orc:2    | Received a gift from Yredelemnul
 17581 | Orc:2    | Noticed Maurice
 17588 | Orc:2    | Killed Maurice
 18453 | Orc:2    | Reached skill level 5 in Spellcasting
 18750 | Orc:2    | Found Ypreny's Distillery.
 18750 | Orc:2    | Found Moocogaf's Distillery.
 18752 | Orc:2    | Found Qawnio's Distillery.
 18753 | Orc:2    | Found Yxaenga's Gadget Boutique.
 18766 | Orc:2    | Bought a potion of heal wounds for 70 gold pieces
 18766 | Orc:2    | Bought a potion of invisibility for 112 gold pieces
 18766 | Orc:2    | Bought a potion of invisibility for 112 gold pieces
 18768 | Orc:2    | Bought a potion of heal wounds for 80 gold pieces
 18769 | Orc:2    | Bought a potion of heal wounds for 85 gold pieces
 18769 | Orc:2    | Bought a potion of invisibility for 136 gold pieces
 18769 | Orc:2    | Bought a potion of curing for 51 gold pieces
 18769 | Orc:2    | Bought a potion of curing for 51 gold pieces
 18769 | Orc:2    | Bought a potion of curing for 51 gold pieces
 18769 | Orc:2    | Bought a potion of curing for 51 gold pieces
 18776 | Orc:2    | Noticed a centaur warrior
 18869 | Orc:2    | Found Kaakly's Weapon Shoppe.
 18963 | Orc:2    | Noticed Josephine
 19402 | D:10     | Learned a level 5 spell: Summon Mana Viper
 19643 | D:11     | Reached skill level 1 in Summonings
 20006 | D:11     | Noticed Psyche
 20100 | D:11     | Killed Psyche
 21428 | Lair:5   | Killed a death yak
 21525 | Lair:5   | Killed a death yak
 21525 | Lair:5   | Reached skill level 15 in Hexes
 21525 | Lair:5   | Reached XP level 13. HP: 56/60 MP: 22/22
 21532 | Lair:5   | Received a gift from Yredelemnul
 21578 | Lair:5   | HP: 2/60 [death yak (20)]
 21957 | Lair:6   | Found an oddly glowing altar of Pakellas.
 22298 | Lair:6   | Reached skill level 5 in Summonings
 22345 | Lair:6   | Received a gift from Yredelemnul
 22435 | Lair:6   | Reached ****** piety under Yredelemnul
 22519 | Lair:6   | Got a scorched lead amulet
 22523 | Lair:6   | Identified the amulet "Humyo" {Reflect SH+6 Stlth+} (You found it on level 6 of the Lair of Beasts)
 22984 | Lair:6   | Learned a level 4 spell: Summon Ice Beast
 23129 | Lair:6   | Found a hole to the Spider Nest.
 23499 | Lair:7   | Reached skill level 1 in Ice Magic
 23713 | Lair:7   | Received a gift from Yredelemnul
 24322 | Lair:8   | Entered Level 8 of the Lair of Beasts
 24339 | Lair:8   | Found a staircase to the Slime Pits.
 24342 | Lair:8   | Received a gift from Yredelemnul
 24703 | Lair:8   | Received a gift from Yredelemnul
 24870 | Lair:8   | Received a gift from Yredelemnul
 24883 | Lair:8   | Received a gift from Yredelemnul
 25766 | Lair:8   | Reached skill level 5 in Ice Magic
 25785 | Lair:8   | Reached XP level 14. HP: 49/66 MP: 23/23
 25793 | Lair:8   | Received a gift from Yredelemnul
 26800 | D:7      | Bought a potion of beneficial mutation for 490 gold pieces
 26800 | D:7      | Bought a potion of resistance for 140 gold pieces
 26800 | D:7      | Gained mutation: You have a pair of small horns on your head. [potion of beneficial mutation]
 27832 | D:12     | Reached skill level 15 in Dodging
 28569 | D:13     | Found an iron altar of Okawaru.
 28784 | D:13     | Found an opulent altar of Gozag.
 28822 | D:13     | Found a gate to the Vaults.
 29262 | D:13     | Slain by a cyan ugly thing
 29263 | D:13     | Reached XP level 13. HP: -5/63 MP: 30/32
 29329 | D:13     | Noticed Erolcha
 29340 | D:13     | Killed Erolcha
 29363 | D:13     | Killed a vault guard
 29448 | D:13     | Killed a vault guard
 29489 | D:13     | Killed a vault guard
 29679 | D:14     | Noticed Azrael
 29735 | D:11     | Received a gift from Yredelemnul
 29853 | Swamp:1  | Entered Level 1 of the Swamp
 30200 | Swamp:1  | Noticed a white very ugly thing
 30217 | Swamp:1  | Killed a white very ugly thing
 30666 | Swamp:1  | Reached XP level 14. HP: 68/68 MP: 23/26
 31389 | Swamp:2  | Received a gift from Yredelemnul
 32099 | Swamp:3  | Received a gift from Yredelemnul
 32651 | Swamp:4  | Entered Level 4 of the Swamp
 32713 | Swamp:4  | Noticed Aizul
 33041 | Lair:1   | Learned a level 6 spell: Shadow Creatures
 33101 | Lair:2   | Received a gift from Yredelemnul
 33151 | Lair:5   | Reached skill level 1 in Invocations
 33153 | Lair:5   | Mangled by a death yak
 33154 | Lair:5   | Reached XP level 13. HP: -6/65 MP: 24/26
 33298 | Spider:1 | Entered Level 1 of the Spider Nest
 33596 | Spider:1 | Received a gift from Yredelemnul
 34143 | Spider:1 | Received a gift from Yredelemnul
 34148 | Spider:1 | Noticed an emperor scorpion
 34160 | Spider:1 | Killed an emperor scorpion
 34582 | Spider:2 | Received a gift from Yredelemnul
 34788 | Spider:2 | Reached skill level 5 in Invocations
 34788 | Spider:2 | Reached XP level 14. HP: 69/69 MP: 15/27
 34924 | Spider:2 | Received a gift from Yredelemnul
 34985 | Spider:2 | Identified the Reference Book on Malediction (You found it on level 2 of the Spider Nest)
 35851 | Spider:3 | Noticed a ghost moth
 35858 | Spider:3 | Killed a ghost moth
 35859 | Spider:3 | Received a gift from Yredelemnul
 36558 | Spider:4 | Entered Level 4 of the Spider Nest
 36963 | Spider:4 | Received a gift from Yredelemnul
 36990 | Spider:4 | Gained mutation: Your mind is acute. (Int +2) [potion of beneficial mutation]
 37055 | Spider:4 | Reached skill level 10 in Summonings
 37084 | Spider:4 | Received a gift from Yredelemnul
 37161 | Spider:4 | Noticed an emperor scorpion
 37184 | Spider:4 | Killed an emperor scorpion
 37329 | Spider:4 | Noticed an emperor scorpion
 37336 | Spider:4 | Noticed a ghost moth
 37342 | Spider:4 | Killed an emperor scorpion
 37345 | Spider:4 | Killed a ghost moth
 37388 | Spider:4 | Received a gift from Yredelemnul
 37391 | Spider:4 | Noticed an emperor scorpion
 37392 | Spider:4 | Noticed a ghost moth
 37425 | Spider:4 | Killed an emperor scorpion
 37430 | Spider:4 | Killed a ghost moth
 37841 | Spider:4 | Got a clouded silver amulet
 37842 | Spider:4 | Identified the amulet "Obubbi" {-Tele rElec Regen+ Dex+7} (You acquired it on level 4 of the Spider Nest)
 37849 | Spider:4 | Noticed an emperor scorpion
 37860 | Spider:4 | Killed an emperor scorpion
 38130 | Spider:4 | Noticed an emperor scorpion
 38151 | Spider:4 | Killed an emperor scorpion
 38314 | Spider:4 | Received a gift from Yredelemnul
 38594 | Spider:4 | Reached XP level 15. HP: 50/73 MP: 23/28
 38675 | Spider:4 | Noticed a ghost moth
 38685 | Spider:4 | Killed a ghost moth
 38694 | Spider:4 | Noticed a ghost moth
 38697 | Spider:4 | Killed a ghost moth
 38823 | Spider:4 | Got a gossamer rune of Zot
 39378 | Swamp:4  | Noticed a thorn hunter
 39380 | Swamp:4  | Killed Aizul
 39380 | Swamp:4  | Enslaved Aizul
 39411 | Swamp:4  | Killed a thorn hunter
 39472 | Swamp:4  | Noticed a thorn hunter
 39481 | Swamp:4  | Killed a thorn hunter
 39813 | Swamp:4  | Slain by an alligator

Vault maps used:
D:1:      onia_arrival_zoo_common
D:2:      first_bread, st_stairs_5, minmay_box_of_dots
D:3:      ecumenical_altar_1, tgw_sif
D:4:      corexii_shack_village, serial_shops, kennysheep_mini_moat, uniq_robin
D:6:      kennysheep_mini, kennysheep_little_box, lemuel_doored_altar,
          nicolae_ru_sacrificial_ziggurat, uniq_crazy_yiuf_cottage,
          uniq_blork_the_orc
D:7:      temple_pool_b, serial_shops, nicolae_shop_crystal, uniq_joseph,
          uniq_menkaure
D:8:      marbit_many_paths, lemuel_round_altar, lemuel_crystal_altar,
          hangedman_ranch, st_stairs_13, dk_vineyard_3,
          okawaru_ov_weapons_minmay
D:9:      dpeg_lair_monsters, erik_orc_1, patterned_corridor, uniq_grum
D:11:     uniq_psyche
D:13:     lightli_vaults_fourway_checkpoint, basic_altar,
          grunt_gozag_breadcrumbs, uniq_erolcha
D:14:     nrook_mini_backslash, serial_shops, nicolae_shop_stone, shop, shop,
          shop, grunt_dithmenos_smoke, uniq_azrael
Lair:1:   statuecave_lemuel, nicolae_volcano_entry_lava_flow,
          beast_lair_carwin_4
Lair:3:   nicolae_swamp_entry_splash_gauntlet, lemuel_centaur_altar
Lair:4:   uniq_maud, uniq_harold, uniq_rupert
Lair:5:   lemuel_fruit_tree, grunt_megastairs_4, uniq_nessos
Lair:6:   dummy_spider_entry, basic_altar, zaba_anthell
Lair:7:   kennysheep_catoblepas_arena, serial_bayou_shore_b, grunt_megastairs_3
Lair:8:   grunt_lair_end_beastmaster, minmay_slime_entry_jelly_boxes
Swamp:1:  nicolae_swamp_fairy_circle, swamp_pool1, nicolae_swamp_round_clearing
Swamp:2:  infiniplex_staircase_pool_2
Swamp:3:  evilmike_swamp_ruin_house_6, swamp_pool1, hangedman_swamp_pad
Swamp:4:  swamp_basic_johnstein, evilmike_swamp_ruin_house_2, swamp_pool2,
          hangedman_swamp_cone, statue_in_the_mist_lemuel, uniq_aizul
Spider:3: hangedman_spider_tarantella_strand
Spider:4: grunt_spider_rune_island, nicolae_spider_webbed_stairs
Orc:1:    portal_ice_cave_entry_pillars_02, mines2_lemuel
Orc:2:    st_orc_rangers, serial_shops, nicolae_shop_window_shopping,
          nicolae_shop_window_shopping, basic_altar, uniq_maurice,
          uniq_josephine
IceCv:    ice_cave_small_demon
Volcano:  volcano_bunker

Skill      XL: |  1  2  3  4  5  6  7  8  9 10 11 12 13 14 15 |
---------------+----------------------------------------------+-----
Hexes          | 5 6 7 9 12 15 | 15.0
Unarmed Combat | 2 3 12 14 | 14.0
Fighting       | 1 3 6 7 9 10 11 12 | 12.3
Stealth        | 6 |  6.1
Dodging        | 3 7 9 11 14 15 | 15.0
Spellcasting   | 3 5 7 8 |  8.9
Summonings     | 4 8 10 11 | 11.0
Ice Magic      | 5 6 |  6.0
Invocations    | 5 8 9 |  9.7

Action                   |  1- 3 |  4- 6 |  7- 9 | 10-12 | 13-15 || total
-------------------------+-------+-------+-------+-------+-------++-------
Melee: Unarmed           |   107 |   115 |   254 |   620 |  1162 ||  2258
 Cast: Ensorcelled Hiber |     7 |     8 |    45 |    57 |    87 ||   204
       Confuse           |       |     2 |    26 |    74 |    70 ||   172
       Tukima's Dance    |       |     7 |    27 |    51 |    18 ||   103
       Confusing Touch   |       |       |       |    14 |    92 ||   106
       Summon Ice Beast  |       |       |       |       |     5 ||     5
       Recall            |       |       |       |       |     1 ||     1
Invok: Animate Remains   |       |       |     1 |       |       ||     1
       Animate Dead      |       |       |     2 |    21 |    68 ||    91
       Recall Undead Sla |       |       |       |     2 |     3 ||     5
       Stop Recall       |       |       |       |     1 |       ||     1
       Enslave Soul      |       |       |       |       |     2 ||     2
Evoke: Wand              |       |       |    12 |     9 |       ||    21
       Fan of gales      |       |       |       |       |     1 ||     1
  Use: Scroll            |     6 |    11 |    10 |    10 |     7 ||    44
       Potion            |     1 |     2 |     3 |     3 |     9 ||    18
 Stab: Sleeping          |    16 |    25 |    46 |    67 |    86 ||   240
       Distracted        |     1 |     4 |       |     2 |    11 ||    18
       Confused          |       |     1 |     4 |    20 |    59 ||    84
       Invisible         |       |       |     2 |       |     3 ||     5
       Paralysed         |       |       |       |     1 |       ||     1
  Eat: Chunk             |     5 |     6 |    22 |    38 |    38 ||   109
       Meat ration       |       |       |       |       |     1 ||     1
